 Dungeon Crawl Stone Soup version 0.21-a0-59-g7b0e191 (webtiles) character file.

64 qqqbard the Twirler (level 3, -4/31 HPs)
             Began as a Minotaur Gladiator on June 16, 2017.
             Slain by a gnoll
             ... wielding a cursed -3 halberd
              (15 damage)
             ... on level 2 of the Dungeon.
             The game lasted 00:02:14 (1317 turns).

qqqbard the Twirler (Minotaur Gladiator)            Turns: 1317, Time: 00:02:14

Health: -4/31      AC:  3    Str: 19    XL:     3   Next: 91%
Magic:  2/2        EV: 13    Int:  5    God:
Gold:   69         SH:  0    Dex: 11    Spells: 2/2 levels left

rFire    . . .     SeeInvis .   a - +0 quarterstaff
rCold    . . .     Gourm    .   (shield currently unavailable)
rNeg     . . .     Faith    .   b - +0 leather armour
rPois    .         Spirit   .   c - +0 hat
rElec    .         Reflect  .   (no cloak)
rCorr    .         Harm     .   (no gloves)
MR       .....                  (no boots)
Stlth    +.........             (no amulet)
HPRegen  0.10/turn              (no ring)
MPRegen  0.08/turn              (no ring)

@: no status effects
A: retaliatory headbutt, horns 2
a: no special abilities


You were on level 2 of the Dungeon.
You were not hungry.

You visited 1 branch of the dungeon, and saw 2 of its levels.

You collected 69 gold pieces.

Inventory:

Hand Weapons
 a - a +0 quarterstaff (weapon)
Missiles
 d - 3 throwing nets (quivered)
Armour
 b - a +0 leather armour (worn)
 c - a +0 hat (worn)
Scrolls
 i - 2 scrolls of remove curse {unknown}
 j - a scroll of immolation {unknown}
 l - a scroll of identify {unknown}
 m - a scroll of enchant weapon {unknown}
Potions
 e - 2 potions of heal wounds {unknown}
 k - a potion of lignification {unknown}
 n - a potion of flight {unknown}
Comestibles
 f - 2 bread rations
 g - a royal jelly
 h - 2 chunks of flesh


   Skills:
 + Level 3.1 Fighting
 * Level 4.8 Staves
 - Level 2.0 Throwing
 + Level 1.7 Armour
 + Level 3.5 Dodging


You had 2 spell levels left.
You didn't know any spells.

Dungeon Overview and Level Annotations

Branches:
Dungeon (2/15)

Altars:
Xom


Innate Abilities, Weirdness & Mutations

You reflexively headbutt those who attack you in melee.
You have a pair of horns on your head.


Message History

You kill the gnoll!
The gnoll hits you. The gnoll closely misses you.
You are too injured to fight recklessly!
You are too injured to fight recklessly!
You are too injured to fight recklessly!
You are too injured to fight recklessly!
You are too injured to fight recklessly!
You are too injured to fight recklessly!
You are too injured to fight recklessly!
You are too injured to fight recklessly!
You are too injured to fight recklessly!
You are too injured to fight recklessly!
You are too injured to fight recklessly!
You are too injured to fight recklessly!
You are too injured to fight recklessly!
Unknown command.
There is a stone staircase leading up here.
The gnoll hits you but does no damage.
The gnoll hits you from afar with a halberd!
You die...

..........#
#.........# ..
#....w...# ...
#........####
#..#..w........##
#..#...).....#...
%........g....##
#####
.###.....g.....#
.....
#.....@...#..
##### #........##
# #........# ##
#.#....### #.
...#..### #.
#####....# .# #.
#....# #.# ##
##....# #.# ##
#.....# #.# ##.


You could see a worm, 2 gnolls and a dart slug.

Vanquished Creatures
  A gnoll (D:2)
  An adder (D:2)
  3 dart slugs
  2 giant cockroaches (D:2)
  5 hobgoblins
  2 jackals (D:2)
  A ball python (D:1)
  7 bats
  3 frilled lizards (D:1)
  4 goblins
  8 kobolds
  4 rats
41 creatures vanquished.

Notes
Turn   | Place    | Note
-------+----------+-------------------------------------------
     0 | D:1      | qqqbard the Minotaur Gladiator began the quest for the Orb.
     0 | D:1      | Reached XP level 1. HP: 18/18 MP: 0/0
   188 | D:1      | Reached skill level 4 in Staves
   197 | D:1      | Reached XP level 2. HP: 20/25 MP: 1/1
   217 | D:1      | Reached skill level 1 in Armour
   860 | D:2      | Found a shimmering altar of Xom.
   886 | D:2      | Reached XP level 3. HP: 15/30 MP: 2/2
  1317 | D:2      | Slain by a gnoll

Vault maps used:
D:1:      lightli_arrival_boilingwater
D:2:      lemuel_blue_sif_altar, nicolae_overflow_crystal_walls,
          nicolae_dithmenos_through_a_glass_darkly, lemuel_crystal_altar

Skill      XL: |  1  2  3 |
---------------+----------+-----
Staves         | 4 |  4.8
Armour         | 1 |  1.7
Fighting       | 3 |  3.1
Throwing       | |  2.0
Dodging        | |  3.5

Action                   || total
-------------------------++-------
Melee: Quarterstaff      ||    78
       Headbutt          ||    11
  Eat: Chunk             ||     1
Armor: Leather armour    ||    18
Dodge: Dodged            ||    68
